 Dungeon Crawl Stone Soup version 0.21-a0-417-g0adc95b (webtiles) character file.

282 sagitran the Ducker (level 6, -3/35 HPs)
             Began as a Kobold Artificer on Nov 3, 2017.
             Was an Initiate of Wu Jian.
             Slain by a worker ant (6 damage)
             ... on level 4 of the Dungeon.
             The game lasted 00:13:01 (4024 turns).

sagitran the Ducker (Kobold Artificer)              Turns: 4024, Time: 00:13:02

Health: -3/35      AC:  5    Str: 10    XL:     6   Next: 54%
Magic:  18/18      EV: 17    Int: 13    God:    Wu Jian [......]
Gold:   70         SH:  0    Dex: 16    Spells: 5/5 levels left

rFire    . . .     SeeInvis .   g - -3 dagger (curse)
rCold    . . .     Gourm    .   (shield restricted)
rNeg     . . .     Faith    .   b - +1 leather armour
rPois    .         Spirit   .   (no helmet)
rElec    .         Reflect  .   n - +0 cloak
rCorr    .         Harm     .   (no gloves)
MR       .....                  (no boots)
Stlth    ++........             (no amulet)
HPRegen  0.11/turn              h - ring of magical power
MPRegen  0.16/turn              (no ring)

@: lethally poisoned (-3 -> -17)
A: carnivore 3
a: Renounce Religion


You were on level 4 of the Dungeon.
You worshipped Wu Jian.
Wu Jian was noncommittal.
You were very full.

You visited 2 branches of the dungeon, and saw 6 of its levels.

You collected 70 gold pieces.

Inventory:

Hand Weapons
 a - a +1 short sword
 g - a cursed -3 dagger (weapon)
Armour
 b - a +1 leather armour (worn)
 n - a +0 cloak (worn)
Jewellery
 h - a ring of magical power (left hand)
Wands
 c - a wand of flame (8/48)
 d - a wand of enslavement (14/24)
 e - a wand of random effects (0/48)
 o - a wand of flame (0/48)
Scrolls
 k - a scroll of amnesia
 m - a scroll of magic mapping {unknown}
Potions
 i - a potion of berserk rage
 l - a potion of agility {unknown}
Comestibles
 f - a meat ration


   Skills:
 + Level 2.0 Fighting
 + Level 3.6 Short Blades
 + Level 2.0 Armour
 + Level 4.7 Dodging
 + Level 2.6 Stealth
 + Level 4.5 Evocations


You had 5 spell levels left.
You didn't know any spells.

Dungeon Overview and Level Annotations

Branches:
Dungeon (5/15)             Temple (1/1) D:4

Altars:
Ashenzari
Cheibriados
Dithmenos
Elyvilon
Fedhas
Gozag
Kikubaaqudgha
Nemelex Xobeh
Ru
Trog
Vehumet
Wu Jian
Zin
The Shining One

Annotations:
D:5 Pikel


Innate Abilities, Weirdness & Mutations

You are small and have problems with some larger weapons.
You are carnivorous and can eat meat at any time.


Message History

The worker ant bites you.
* * * LOW HITPOINT WARNING * * *
You are poisoned.
The worker ant poisons you!
You barely miss the worker ant.
The worker ant is almost dead.
You feel sick. The worker ant closely misses you.
You hit the worker ant but do no damage.
The worker ant is almost dead.
The worker ant misses you.
You hit the worker ant but do no damage.
The worker ant is almost dead.
You feel sick. The worker ant bites you.
* * * LOW HITPOINT WARNING * * *
You are more poisoned.
The worker ant poisons you!
It was a potion of magic.
Magic courses through your body.
* * * LOW HITPOINT WARNING * * *
You feel sick. The worker ant bites you.
You die...

##+## ##...## ##.....##
### ##.......## ##.##
##.........####...#.####
.'....>....'...a@......#
##.........####...#.##.#
##.......## ##.##
##.....## #.# ##...##
#.# ##+## #.# #.. ###


You could see a worker ant.

Vanquished Creatures
  Sigmund (D:2)
  A slave (Temple)
  Crazy Yiuf (D:2)
  4 adders
  An ooze (D:1)
  A worm (D:2)
  2 dart slugs (D:2)
  A leopard gecko (D:2)
  2 ball pythons
  2 giant cockroaches
  6 goblins
  7 hobgoblins
  6 jackals
  2 bats
  6 frilled lizards
  2 kobolds (D:2)
  6 rats
51 creatures vanquished.

Vanquished Creatures (collateral kills)
  A shadow imp (D:4)
  A leopard gecko skeleton (D:4)
2 creatures vanquished.

Grand Total: 53 creatures vanquished

Notes
Turn   | Place    | Note
-------+----------+-------------------------------------------
     0 | D:1      | sagitran the Kobold Artificer began the quest for the Orb.
     0 | D:1      | Reached XP level 1. HP: 12/12 MP: 3/3
   326 | D:1      | Reached XP level 2. HP: 13/16 MP: 4/4
   885 | D:1      | Reached XP level 3. HP: 3/20 MP: 6/6
  1724 | D:2      | Noticed Sigmund
  1736 | D:2      | Killed Sigmund
  1736 | D:2      | Reached skill level 1 in Armour
  1736 | D:2      | Reached XP level 4. HP: 8/26 MP: 7/7
  1736 | D:2      | Reached XP level 5. HP: 9/30 MP: 8/8
  1799 | D:2      | Reached XP level 6. HP: 18/35 MP: 9/9
  2482 | D:2      | Found a runed door.
  2486 | D:2      | Noticed Crazy Yiuf
  2491 | D:2      | Killed Crazy Yiuf
  3434 | D:3      | You fall through a shaft for 2 floors!
  3434 | D:5      | Entered Level 5 of the Dungeon
  3464 | D:5      | Noticed a slave
  3465 | D:5      | Noticed a slave
  3466 | D:5      | Noticed a slave
  3466 | D:5      | Noticed Pikel
  3466 | D:5      | Noticed a slave
  3471 | D:4      | Found a staircase to the Ecumenical Temple.
  3476 | Temple   | Entered the Ecumenical Temple
  3511 | Temple   | Killed a slave
  3886 | Temple   | Became a worshipper of the Wu Jian Council
  4024 | D:4      | Slain by a worker ant

Vault maps used:
D:1:      sevenhm_arrival_forest_fort_large_4, minmay_misc_feat_x
D:2:      uniq_sigmund, uniq_crazy_yiuf_cottage
D:3:      regret_index_temple_of_mockery, first_bread
D:4:      overflow_temple_1_default, minmay_temple_entry_from_below_a, uniq_ijyb
D:5:      kennysheep_steamy, uniq_eustachio, uniq_grinder, uniq_pikel
Temple:   eino_narrow_crystal_temple

Skill      XL: |  1  2  3  4  5  6 |
---------------+-------------------+-----
Short Blades   | 2 3 |  3.6
Evocations     | 4 |  4.5
Stealth        | 2 |  2.6
Dodging        | 4 |  4.7
Fighting       | 2 |  2.0
Armour         | 1 2 |  2.0

Action                   |  1- 3 |  4- 6 || total
-------------------------+-------+-------++-------
Melee: Short sword       |    24 |       ||    24
       Dagger            |   176 |   200 ||   376
Evoke: Wand              |     6 |    24 ||    30
  Use: Scroll            |     3 |     4 ||     7
       Potion            |     1 |     1 ||     2
 Stab: Confused          |     1 |       ||     1
       Sleeping          |       |     2 ||     2
       Paralysed         |       |     1 ||     1
  Eat: Chunk             |     9 |     9 ||    18
Armor: Leather armour    |    45 |    27 ||    72
Dodge: Dodged            |   151 |   126 ||   277

Table legend:
 A = Spawn XP
 B = Non-spawn XP
 C = Spawn XP percentage of total XP
 D = Spawn monster count
 E = Non-spawn monster count
 F = Spawn count percentage of total count
 G = Total turns spent on level
                    A         B        C        D         E        F      G
               +---------+---------+-------+---------+---------+-------+---------
         Total |       0 |     404 |   0.0 |       0 |      52 |   0.0 |  4024
               +---------+---------+-------+---------+---------+-------+---------
           D:1 |       0 |      33 |   0.0 |       0 |      18 |   0.0 |  1557
           D:2 |       0 |     342 |   0.0 |       0 |      26 |   0.0 |  1816
           D:3 |       0 |      22 |   0.0 |       0 |       6 |   0.0 |    61
           D:4 |       0 |       7 |   0.0 |       0 |       2 |   0.0 |   134
               +---------+---------+-------+---------+---------+-------+---------
